[Event "Late-Titled-Tuesday-Blitz-January-30-2024"]
[Site "Chess.com"]
[Date "2024.01.30"]
[Round "3"]
[White "ChristopherYoo"]
[Black "JulAnt"]
[Result "1-0"]
[WhiteElo "2927"]
[BlackElo "2535"]
[TimeControl "180+1"]
[EndTime "14:25:13 PST"]
[Termination "ChristopherYoo won by resignation"]

1. d4 Nf6 2. c4 e6 3. Nc3 Bb4 4. a3 Bxc3+ 5. bxc3 c5 6. e3 Nc6 7. Bd3 b6 8. Ne2 Ba6 9. O-O Na5 10. e4 d6 11. Bg5 h6 12. Bh4 g5 13. Bg3 Qe7 14.
f4 e5 15. fxe5 Nh5 16. exd6 Qe6 17. d5 Qd7 18. e5 Bxc4 19. e6 fxe6 20. Bg6+ 1-0

[Event "Late-Titled-Tuesday-Blitz-January-30-2024"]
[Site "Chess.com"]
[Date "2024.01.30"]
[Round "3"]
[White "djano"]
[Black "ImportedItalianMaple"]
[Result "1-0"]
[WhiteElo "2638"]
[BlackElo "2475"]
[TimeControl "180+1"]
[EndTime "14:25:21 PST"]
[Termination "djano won by resignation"]

1. e4 g6 2. Nc3 Bg7 3. Bc4 e6 4. h4 h5 5. d3 Ne7 6. Bg5 f6 7.
Bd2 d5 8. Bb3 c5 9. Qf3 d4 10.
Nce2 Nbc6 11. Qg3 O-O 12. Nf4 Kh7 13. Nxe6 Bxe6 14. Bxe6 f5 15. Nf3 Bh6 16. Ng5+ Bxg5 17. Qxg5 1-0

[Event "Late-Titled-Tuesday-Blitz-January-30-2024"]
[Site "Chess.com"]
[Date "2024.01.30"]
[Round "3"]
[White "The_Straightforward_Rook"]
[Black "melissa_guez"]
[Result "1-0"]
[WhiteElo "2421"]
[BlackElo "2246"]
[TimeControl "180+1"]
[EndTime "14:25:26 PST"]
[Termination "The_Straightforward_Rook won by resignation"]

1. e4 c5 2. c3 Nf6 3. e5 Nd5 4. Nf3 Nc6 5. Bc4 Nb6 6. Bb3 c4 7. Bc2 d5 8. exd6 Qxd6 9. O-O Bg4 10. h3 Bh5 11. Na3 Qf6 12. Be4 O-O-O 13. Qe2 Nd5 14. Qxc4 e6 15. d4 Nb6 16. Qb3 e5 17. Bg5 Qd6 18.
Nb5 Qb8 19. Bxd8 Nxd8 20. Nxe5 f6 21. Bf5+ 1-0

[Event "Late-Titled-Tuesday-Blitz-January-30-2024"]
[Site "Chess.com"]
[Date "2024.01.30"]
[Round "3"]
[White "Polish_fighter3000"]
[Black "Iball95"]
[Result "1-0"]
[WhiteElo "3046"]
[BlackElo "2785"]
[TimeControl "180+1"]
[EndTime "14:25:33 PST"]
[Termination "Polish_fighter3000 won by checkmate"]

1. e4 c5 2. Nf3 e6 3. d4 cxd4 4.
Nxd4 Nf6 5. Nc3 Nc6 6. Ndb5 Bc5 7. Bf4 O-O 8. Bc7 Qe7 9. Bd6 Bxd6 10. Qxd6 Qd8 11.
Nc7 Rb8 12. Be2 b5 13. e5 Ne8 14.
Nxe8 Rxe8 15. f4 b4 16. Ne4 Bb7 17. Qd3 Ne7 18. Nd6 Rf8 19. O-O-O Qa5 20. Kb1 Bxg2 21.
Rhg1 Bd5 22. b3 Nc8 23. Rxg7+ Kxg7 24. Rg1+ Kh8 25. Qg3 Rg8 26. Nxf7# 1-0

[Event "Late-Titled-Tuesday-Blitz-January-30-2024"]
[Site "Chess.com"]
[Date "2024.01.30"]
[Round "3"]
[White "ilya2700"]
[Black "ArtemDyachuk"]
[Result "0-1"]
[WhiteElo "2310"]
[BlackElo "2627"]
[TimeControl "180+1"]
[EndTime "14:25:44 PST"]
[Termination "ArtemDyachuk won on time"]

1. e4 c5 2. c4 Nc6 3. Ne2 e6 4.
d4 cxd4 5. Nxd4 Nf6 6. Nc3 Qc7 7. Be2 Bb4 8. Nxc6 bxc6 9. Qc2 Qe5 10. f4 Qxe4 11. O-O Qxc2 0-1

[Event "Late-Titled-Tuesday-Blitz-January-30-2024"]
[Site "Chess.com"]
[Date "2024.01.30"]
[Round "3"]
[White "yujiarun18"]
[Black "Nick12772"]
[Result "0-1"]
[WhiteElo "2092"]
[BlackElo "2357"]
[TimeControl "180+1"]
[EndTime "14:25:44 PST"]
[Termination "Nick12772 won by resignation"]

1. e4 e6 2. d4 d5 3. Nd2 Nf6 4. e5 Nfd7 5. Bd3 c5 6. c3 Nc6 7. Ne2 cxd4 8. cxd4 f6 9. exf6 Nxf6 10. Nf3 Bd6 11. O-O Qc7 12. g3 O-O 13. Bf4 Ne4 14. Qc1 Bxf4 15. Nxf4 g5 16. Nxg5 Nxg5 17. h4 Nf3+ 18.
Kh1 Nfxd4 19. Qd1 Rxf4 20. gxf4 Qxf4 21. Rg1+ Kh8 22. Qh5 Qf3+ 23. Rg2 Qxh5 0-1

[Event "Late-Titled-Tuesday-Blitz-January-30-2024"]
[Site "Chess.com"]
[Date "2024.01.30"]
[Round "3"]
[White "ninguno46"]
[Black "FontVella8"]
[Result "0-1"]
[WhiteElo "2516"]
[BlackElo "2747"]
[TimeControl "180+1"]
[EndTime "14:25:48 PST"]
[Termination "FontVella8 won by checkmate"]

1. c4 Nf6 2. Nc3 e6 3. Nf3 d5 4. d4 c5 5. cxd5 Nxd5 6. e3 Nc6 7. Bc4 Nxc3 8. bxc3 Be7 9. O-O O-O 10. Bb2 b6 11.
Qe2 Bb7 12. Rfd1 Qc7 13. Rac1 Rfd8 14. h4 h6 15. h5 Rac8 16. Bd3 Bf8 17. g3 Rd5 18. e4 Rxh5 19. g4 c4 20. gxh5 cxd3 21. Qxd3 Qf4 22. d5 Bc5 23. Kf1 Ne5 24. Nxe5 Qxf2# 0-1

[Event "Late-Titled-Tuesday-Blitz-January-30-2024"]
[Site "Chess.com"]
[Date "2024.01.30"]
[Round "3"]
[White "MKlose11"]
[Black "kekic76"]
[Result "1-0"]
[WhiteElo "2625"]
[BlackElo "2374"]
[TimeControl "180+1"]
[EndTime "14:26:03 PST"]
[Termination "MKlose11 won by checkmate"]

1. e4 e6 2. d4 d5 3. Nc3 Bb4 4. Bd2 dxe4 5. Qg4 Bf8 6. Qxe4 Nf6 7. Qd3 c5 8. Nf3 Bd7 9. O-O-O a6 10. d5 exd5 11.
Nxd5 Nxd5 12. Qxd5 Bc6 13. Qxd8+ Kxd8 14. Ba5+ Ke7 15.
Bc4 Bxf3 16. gxf3 Nc6 17. Rhe1+ Kf6 18. Bc3+ Kg6 19. Rg1+ Kh6 20. Bd2+ Kh5 21. Bxf7+ g6 22. Rg5+ Kh4 23. Rdg1 Bd6 24. R5g4+ Kh5 25. Rg5+ Kh4 26. R1g4+ Kh3 27. Be6 Rae8 28. Rg3+ Kxh2 29. Rh3# 1-0

[Event "Late-Titled-Tuesday-Blitz-January-30-2024"]
[Site "Chess.com"]
[Date "2024.01.30"]
[Round "3"]
[White "RianKapriaga"]
[Black "powermove"]
[Result "1-0"]
[WhiteElo "2353"]
[BlackElo "2062"]
[TimeControl "180+1"]
[EndTime "14:26:09 PST"]
[Termination "RianKapriaga won by resignation"]

1. d4 d5 2. Nf3 Nf6 3. Bf4 c5 4.
e3 Nc6 5. Nbd2 cxd4 6. exd4 Bf5 7. c3 e6 8. Bb5 Bd6 9. Bg3 O-O 10. O-O Rc8 11. Re1 a6 12. Bf1 Bxg3 13. hxg3 h6 14. a4 Ne4 15. Nxe4 Bxe4 16. Nd2 Bg6 17. Nb3 Qf6 18. Nc5 Qe7 19. a5 e5 20. Qb3 Rfd8 21.
Qxb7 Qxb7 22. Nxb7 Re8 23. Nd6 1-0

[Event "Late-Titled-Tuesday-Blitz-January-30-2024"]
[Site "Chess.com"]
[Date "2024.01.30"]
[Round "3"]
[White "venturov"]
[Black "Burgsvik"]
[Result "1-0"]
[WhiteElo "2475"]
[BlackElo "2278"]
[TimeControl "180+1"]
[EndTime "14:26:12 PST"]
[Termination "venturov won by resignation"]

1. Nf3 c5 2. e4 Nc6 3. d4 cxd4 4. Nxd4 Nf6 5. Nc3 e5 6. Ndb5 d6 7. Nd5 Nxd5 8. exd5 Ne7 9. c3 Ng6 10. a4 Be7 11. Be2 O-O 12. O-O f5 13. f4 a6 14.
Na3 exf4 15. Bxf4 Nxf4 16. Rxf4 Bg5 17. Rf1 Bd7 18. Nc4 Qc7 19. Kh1 b5 20. axb5 axb5 21. Rxa8 Rxa8 22. Na3 Qc5 23. Qb3 Rb8 24. Nc2 Bf6 25.
Nb4 Kh8 26. Na6 Qe3 27. Nxb8 Qxe2 28. Qd1 Qe8 29. Nxd7 Qxd7 30. Qd3 g6 31. Re1 Be5 32. Ra1 Kg7 33. Qe3 Kf6 34. Ra7 Qc8 35. Qh6 f4 36. Qxh7 Kf5 37. Qh3+ 1-0

[Event "Late-Titled-Tuesday-Blitz-January-30-2024"]
[Site "Chess.com"]
[Date "2024.01.30"]
[Round "3"]
[White "Tomytoteph"]
[Black "ATM622"]
[Result "1-0"]
[WhiteElo "2622"]
[BlackElo "2462"]
[TimeControl "180+1"]
[EndTime "14:26:15 PST"]
[Termination "Tomytoteph won by resignation"]

1. e4 c6 2. d4 d5 3. Nd2 dxe4 4. Nxe4 Bf5 5. Ng3 Bg6 6. Nf3 Nd7 7. h4 h6 8. h5 Bh7 9. Bd3 Bxd3 10. Qxd3 Ngf6 11. c3 e6 12. Bf4 Be7 13. O-O-O Qb6 14. Ne4 Nxe4 15.
Qxe4 Nf6 16. Qd3 Nd5 17. Bd2 a5 18. Ne5 Qa6 19. c4 Nb4 20. Qb3 a4 21. Qa3 Nc2 22. Qf3 a3 23. Qxf7+ Kd8 24. b3 Nxd4 25. Bb4 c5 26.
Bxc5 Bg5+ 27. Kb1 1-0

[Event "Late-Titled-Tuesday-Blitz-January-30-2024"]
[Site "Chess.com"]
[Date "2024.01.30"]
[Round "3"]
[White "ukchessbomber"]
[Black "pooh2012"]
[Result "0-1"]
[WhiteElo "2608"]
[BlackElo "2481"]
[TimeControl "180+1"]
[EndTime "14:26:26 PST"]
[Termination "pooh2012 won by checkmate"]

1. a3 Nf6 2. b3 d5 3. Bb2 Nbd7 4.
e3 a5 5. h3 c6 6. g3 e5 7. Bg2 Bd6 8. d3 Qe7 9. Nd2 Nf8 10.
Ngf3 Ng6 11. O-O h5 12. c4 h4 13. g4 Bxg4 14. hxg4 h3 15. g5 hxg2 16. Kxg2 Qe6 17. Ng1 Nh4+ 18. Kg3 e4+ 19. f4 exf3+ 20. Kf2 Ng4+ 21.
Ke1 Ng2# 0-1

[Event "Late-Titled-Tuesday-Blitz-January-30-2024"]
[Site "Chess.com"]
[Date "2024.01.30"]
[Round "3"]
[White "shimastream"]
[Black "RantomOpening"]
[Result "1-0"]
[WhiteElo "3010"]
[BlackElo "2538"]
[TimeControl "180+1"]
[EndTime "14:26:29 PST"]
[Termination "shimastream won by resignation"]

1. d4 d5 2. c4 e6 3. Nc3 Nf6 4. Bg5 c5 5. e3 cxd4 6. exd4 Be7 7. Nf3 O-O 8. a3 b6 9. Qc2 Bb7 10. O-O-O dxc4 11. Bxc4 Nbd7 12. Kb1 Rc8 13. Ne5 h6 14. h4 Nd5 15. Bxd5 Bxd5 16. Bxe7 Qxe7 17. Nxd5 exd5 18. Qf5 Nxe5 19. dxe5 Qe6 20. g4 Rfe8 21.
f4 Rc4 22. Rhf1 Re4 23. h5 Rc8 24. Rxd5 Re2 25. Rfd1 Qxf5+ 26. gxf5 Rcc2 27. Rb5 Re4 28. Kxc2 1-0

[Event "Late-Titled-Tuesday-Blitz-January-30-2024"]
[Site "Chess.com"]
[Date "2024.01.30"]
[Round "3"]
[White "Russian_berezka"]
[Black "Akhayan"]
[Result "1-0"]
[WhiteElo "2572"]
[BlackElo "2351"]
[TimeControl "180+1"]
[EndTime "14:26:33 PST"]
[Termination "Russian_berezka won by checkmate"]

1. e4 a6 2. f4 e6 3. Nf3 d5 4. e5 c5 5. d4 Nc6 6. c3 Nge7 7. Bd3 Bd7 8. Be3 cxd4 9. cxd4 Nb4 10. Be2 Rc8 11. Nc3 Nf5 12. Bf2 Be7 13. a3 Nc6 14. O-O O-O 15. Qe1 g6 16. g4 Ng7 17. Qd2 Na5 18. Rad1 Nc4 19. Bxc4 Rxc4 20. h4 b5 21. Kg2 b4 22. axb4 Bxb4 23. f5 Bxc3 24. bxc3 exf5 25. Qh6 Ne6 26. gxf5 gxf5 27. h5 f6 28. Bh4 Rxc3 29. Bxf6 Rc2+ 30. Kh1 Rxf6 31. exf6 Kh8 32. Ng5 Qb8 33.
Qxh7# 1-0

[Event "Late-Titled-Tuesday-Blitz-January-30-2024"]
[Site "Chess.com"]
[Date "2024.01.30"]
[Round "3"]
[White "valeriocarnicelli"]
[Black "Kiborg95"]
[Result "1-0"]
[WhiteElo "2543"]
[BlackElo "2836"]
[TimeControl "180+1"]
[EndTime "14:26:34 PST"]
[Termination "valeriocarnicelli won by resignation"]

1. e4 d6 2. d4 Nf6 3. Nc3 e5 4. Nf3 Nbd7 5. Bc4 Be7 6. O-O O-O 7. Re1 c6 8. a4 h6 9. h3 Re8 10. Ba2 a5 11. Be3 exd4 12. Bxd4 Nf8 13. Qd2 Be6 14.
Bxe6 Nxe6 15. Be3 Qc7 16. Rad1 Bf8 17. Nh4 Rad8 18. Qe2 Ng5 19. Bxg5 hxg5 20. Nf3 g4 21. hxg4 Nxg4 22. Nd4 Nf6 23. Qf3 Re5 24. Nf5 Rde8 25. Re2 Qd7 26. Nh6+ Kh7 27. Nf5 d5 28. Qh3+ Kg8 29. f4 R5e6 30. e5 Nh7 31. Ne4 Rg6 32. Nh6+ 1-0

[Event "Late-Titled-Tuesday-Blitz-January-30-2024"]
[Site "Chess.com"]
[Date "2024.01.30"]
[Round "3"]
[White "Flaccidmoves"]
[Black "Doomfist26"]
[Result "0-1"]
[WhiteElo "2455"]
[BlackElo "2617"]
[TimeControl "180+1"]
[EndTime "14:26:37 PST"]
[Termination "Doomfist26 won by resignation"]

1. c4 Nf6 2. Nc3 g6 3. e4 d6 4. d4 Bg7 5. Nf3 O-O 6. h3 e5 7. d5 Na6 8. Be3 Nc5 9. Nd2 a5 10. g4 c6 11. Qf3 cxd5 12. cxd5 a4 13. a3 Qa5 14. Nc4 Qd8 15. Bxc5 dxc5 16. O-O-O Ne8 17. d6 Bd7 18. Nd5 b5 19. Ncb6 Ra6 20. Nxd7 Qxd7 21. g5 Rxd6 22. Bxb5 Qxb5 23. Ne7+ Kh8 24. Rxd6 Nxd6 25.
Rd1 Qc4+ 26. Kb1 Qxe4+ 27. Qxe4 Nxe4 28. Rd7 Nxg5 29. h4 Ne6 0-1

[Event "Late-Titled-Tuesday-Blitz-January-30-2024"]
[Site "Chess.com"]
[Date "2024.01.30"]
[Round "3"]
[White "wild3000"]
[Black "DraningWaterHi"]
[Result "0-1"]
[WhiteElo "2344"]
[BlackElo "2111"]
[TimeControl "180+1"]
[EndTime "14:26:37 PST"]
[Termination "DraningWaterHi won on time"]

1. d4 Nf6 2. Nf3 d5 3. e3 e6 4.
c4 Be7 5. Nc3 c6 6. b3 Nbd7 7.
Bb2 O-O 8. Bd3 a5 9. a3 Re8 10. O-O Nf8 11. Ne5 Ng6 12. f4 Bd6 13. c5 Bc7 14. b4 Nd7 15. b5 Ngxe5 16. fxe5 Qg5 17. Qf3 f6 18. exf6 Nxf6 19. g3 Bd7 20. b6 Bb8 21. a4 Rf8 22. Qe2 e5 23. Rf2 e4 24. Bc2 h5 25. Raf1 h4 26. Rxf6 Rxf6 27. Rxf6 gxf6 28. Nxe4 dxe4 29. Bb3+ Kg7 30. Qc4 Qxe3+ 31.
Kg2 h3+ 32. Kf1 Qd3+ 33. Qxd3 exd3 34. Ke1 Bc8 35. Bc3 Bxg3+ 36. hxg3 h2 37. Kd2 h1=Q 38. Kxd3 Bf5+ 39. Kd2 Re8 0-1

[Event "Late-Titled-Tuesday-Blitz-January-30-2024"]
[Site "Chess.com"]
[Date "2024.01.30"]
[Round "3"]
[White "arenal72"]
[Black "RichardShtivelband"]
[Result "1-0"]
[WhiteElo "2562"]
[BlackElo "2313"]
[TimeControl "180+1"]
[EndTime "14:26:39 PST"]
[Termination "arenal72 won by resignation"]

1. Nf3 d5 2. g3 c5 3. Bg2 Nc6 4. O-O e5 5. d3 Nf6 6. e4 Be7 7. exd5 Nxd5 8. Re1 f6 9. Nc3 Nxc3 10. bxc3 O-O 11. c4 Bg4 12. h3 Bh5 13. Qd2 Qc7 14. Nh4 f5 15. Bb2 Bxh4 16. gxh4 Rae8 17. Qg5 g6 18. Bxc6 bxc6 19. Re3 Re7 20. Rae1 Rfe8 21. f4 e4 22. dxe4 fxe4 23. Rg3 Bf3 24. Qf6 Rf8 25.
Qh8+ Kf7 26. Qxh7+ Ke8 27. Qxg6+ Kd8 28. Be5 Rxe5 29. fxe5 Qxe5 30. Qg5+ 1-0

[Event "Late-Titled-Tuesday-Blitz-January-30-2024"]
[Site "Chess.com"]
[Date "2024.01.30"]
[Round "3"]
[White "chegueps"]
[Black "Slovineanu"]
[Result "1-0"]
[WhiteElo "2619"]
[BlackElo "2457"]
[TimeControl "180+1"]
[EndTime "14:26:40 PST"]
[Termination "chegueps won on time"]

1. d4 Nf6 2. Nf3 d5 3. Bg5 e6 4. Nbd2 Be7 5. Bxf6 Bxf6 6. e4 dxe4 7. Nxe4 Nd7 8. Bd3 b6 9. Qe2 Bb7 10. O-O-O O-O 11.
h4 Be7 12. Ne5 c5 13. Nxd7 Qxd7 14. dxc5 Qa4 15. Kb1 bxc5 16. Qg4 Qb4 17. a3 Qb6 18. Ng5 h6 19. Nh7 Rfd8 20. Rh3 Rab8 21. Rg3 Bf8 22. Qf4 1-0

[Event "Late-Titled-Tuesday-Blitz-January-30-2024"]
[Site "Chess.com"]
[Date "2024.01.30"]
[Round "3"]
[White "BeardedNM"]
[Black "Giantgoogachess"]
[Result "0-1"]
[WhiteElo "2196"]
[BlackElo "2406"]
[TimeControl "180+1"]
[EndTime "14:26:42 PST"]
[Termination "Giantgoogachess won on time"]

1. e4 c5 2. Nf3 e6 3. d4 cxd4 4. Nxd4 Nf6 5. Nc3 Nc6 6. Ndb5 Bc5 7. Bf4 O-O 8. Bc7 Qe7 9. Bd6 Bxd6 10. Qxd6 Qd8 11.
Qg3 d5 12. O-O-O Qa5 13. exd5 exd5 14. Nc7 Nh5 15. Qg5 Qxc7 16. Qxh5 d4 17. Nd5 Qd6 18. Bd3 f5 19. Bc4 Be6 20. Ne3 Bxc4 21. Nxc4 Qc5 22. Na3 b5 23. Qe2 Rab8 24. Rhe1 Kh8 25. Kb1 Rfc8 26.
Qd3 b4 27. Nc4 a5 0-1

[Event "Late-Titled-Tuesday-Blitz-January-30-2024"]
[Site "Chess.com"]
[Date "2024.01.30"]
[Round "3"]
[White "Yaacovn"]
[Black "joksijoksi"]
[Result "1-0"]
[WhiteElo "2817"]
[BlackElo "2525"]
[TimeControl "180+1"]
[EndTime "14:26:49 PST"]
[Termination "Yaacovn won by resignation"]

1. d4 Nf6 2. e3 c5 3. c3 b6 4.
f4 Bb7 5. Nf3 d6 6. Bd3 g6 7.
O-O Bg7 8. f5 O-O 9. Qe1 Nbd7 10.
Qh4 e5 11. fxe6 fxe6 12. Nbd2 Qe7 13. e4 cxd4 14. cxd4 e5 15. Bc4+ Kh8 16. Ng5 Nh5 17.
Rf7 Qe8 18. g4 Nhf6 19. Be6 h6 20. Nc4 exd4 21. Nxd6 Qb8 22. Rxd7 Nxd7 23. Ndf7+ Rxf7 24. Nxf7+ Kh7 25. Ng5+ Kh8 26. Nf7+ Kh7 27. Bxh6 1-0

[Event "Late-Titled-Tuesday-Blitz-January-30-2024"]
[Site "Chess.com"]
[Date "2024.01.30"]
[Round "3"]
[White "crescentmoon2411"]
[Black "SchmakAttack"]
[Result "1-0"]
[WhiteElo "3017"]
[BlackElo "2743"]
[TimeControl "180+1"]
[EndTime "14:26:51 PST"]
[Termination "crescentmoon2411 won by resignation"]

1. d4 d5 2. c4 e6 3. Nc3 c6 4. e3 f5 5. Nf3 Nf6 6. Bd3 Bd6 7. Qc2 Ne4 8. Nd2 O-O 9. g3 Nd7 10.
f3 Nxc3 11. bxc3 g6 12. O-O b6 13. e4 f4 14. e5 Bxe5 15. dxe5 Nxe5 16. Be2 c5 17.
cxd5 exd5 18. Nb3 Qg5 19. Bxf4 Rxf4 20. Qd2 Rg4 21. fxg4 1-0

[Event "Late-Titled-Tuesday-Blitz-January-30-2024"]
[Site "Chess.com"]
[Date "2024.01.30"]
[Round "3"]
[White "Genghis_K"]
[Black "Firouzja2003"]
[Result "0-1"]
[WhiteElo "2840"]
[BlackElo "3141"]
[TimeControl "180+1"]
[EndTime "14:26:52 PST"]
[Termination "Firouzja2003 won by resignation"]

1. e4 c5 2. Nf3 d6 3. d4 cxd4 4. Nxd4 Nf6 5. Nc3 a6 6. Be2 g6 7. Be3 Bg7 8. Qd2 Nc6 9. O-O-O Ng4 10. Bxg4 Bxg4 11. f3 Be6 12. Nxc6 bxc6 13. Bd4 Bxd4 14. Qxd4 O-O 15. h4 Qa5 16. h5 g5 17. Rhe1 f6 18. g3 Rab8 19. f4 Rb4 20. Qd2 Bg4 21.
a3 Rc4 22. Qd3 Rxc3 23. Qxc3 Qxc3 24. bxc3 Bxd1 25. Rxd1 gxf4 26. gxf4 Kf7 27. Rg1 Rg8 28. Rxg8 Kxg8 29. h6 f5 30. exf5 Kf7 31. Kb2 Kf6 32.
Kb3 Kxf5 33. Ka4 Kxf4 34. Ka5 e5 35. Kxa6 e4 36. a4 e3 37. a5 e2 38. Kb7 e1=Q 39. a6 0-1

[Event "Late-Titled-Tuesday-Blitz-January-30-2024"]
[Site "Chess.com"]
[Date "2024.01.30"]
[Round "3"]
[White "DefiantChair"]
[Black "Mahan_83"]
[Result "1-0"]
[WhiteElo "2608"]
[BlackElo "2767"]
[TimeControl "180+1"]
[EndTime "14:26:56 PST"]
[Termination "DefiantChair won by resignation"]

1. e4 c5 2. Nf3 d6 3. d4 cxd4 4. Nxd4 Nf6 5. Nc3 Nc6 6. Bg5 e6 7. Qd2 a6 8. O-O-O Bd7 9. f4 Be7 10. Bxf6 gxf6 11. f5 Qa5 12. Kb1 O-O-O 13. g3 Kb8 14.
Bh3 e5 15. Nb3 Qb6 16. Nd5 Qa7 17. Nxe7 Ka8 18. Nd5 Bc8 19. Nxf6 h5 20. Nd5 h4 21.
g4 Kb8 22. Qe3 Qxe3 23. Nxe3 f6 24. Nd5 Rh6 25. Rhg1 Rg8 26. Bf1 h3 27. Rg3 Rh4 28. Bxh3 Rgh8 29. Bg2 Rxh2 30. Nxf6 Nd4 31. Nxd4 exd4 32. g5 Rf8 33. g6 d3 34. cxd3 1-0

[Event "Late-Titled-Tuesday-Blitz-January-30-2024"]
[Site "Chess.com"]
[Date "2024.01.30"]
[Round "3"]
[White "Hui_Li_Macau"]
[Black "GlavkonVVS"]
[Result "0-1"]
[WhiteElo "2328"]
[BlackElo "2567"]
[TimeControl "180+1"]
[EndTime "14:26:57 PST"]
[Termination "GlavkonVVS won by resignation"]

1. e4 c5 2. Nf3 d6 3. d4 cxd4 4.
Nxd4 Nf6 5. Nc3 a6 6. Be2 e5 7. Nb3 Be6 8. f4 Qc7 9. g4 exf4 10. g5 Nfd7 11. Bxf4 Nc6 12. Bg4 Nde5 13. Bxe6 fxe6 14. Qe2 g6 15. O-O-O Bg7 16. Kb1 O-O 17. Bg3 b5 18. Qd2 Nc4 19. Qd3 Nb4 20. Qe2 Nxb2 21. Rd3 N2xd3 0-1

[Event "Late-Titled-Tuesday-Blitz-January-30-2024"]
[Site "Chess.com"]
[Date "2024.01.30"]
[Round "3"]
[White "neri_gaite"]
[Black "JCVanDamme10"]
[Result "1-0"]
[WhiteElo "2031"]
[BlackElo "2319"]
[TimeControl "180+1"]
[EndTime "14:26:57 PST"]
[Termination "neri_gaite won by checkmate"]

1. d4 d5 2. c4 c6 3. cxd5 cxd5 4.
Bf4 Nc6 5. Nc3 Nf6 6. e3 a6 7.
Bd3 Bg4 8. Qb3 Ra7 9. Nge2 e6 10. Rc1 Be7 11. O-O O-O 12. Na4 Nd7 13. f3 Bh5 14. e4 dxe4 15. Bxe4 Na5 16. Qc2 b5 17. Nc5 Nc4 18. Bxh7+ Kh8 19. Be4 Nxc5 20. dxc5 Bxc5+ 21. Kh1 Be3 22. Rfd1 Qf6 23. Bxe3 Nxe3 24. Qc5 Nxd1 25. Qxf8# 1-0

[Event "Late-Titled-Tuesday-Blitz-January-30-2024"]
[Site "Chess.com"]
[Date "2024.01.30"]
[Round "3"]
[White "js20000"]
[Black "BilodeauA"]
[Result "0-1"]
[WhiteElo "2767"]
[BlackElo "3025"]
[TimeControl "180+1"]
[EndTime "14:26:58 PST"]
[Termination "BilodeauA won by resignation"]

1. d4 d5 2. c4 dxc4 3. Nf3 a6 4. e3 Bg4 5. Bxc4 e6 6. O-O Nc6 7. h3 Bh5 8. Nc3 Nf6 9. Be2 Bd6 10. Nd2 Bxe2 11. Qxe2 e5 12. Nc4 O-O 13. d5 Ne7 14. e4 Ng6 15. g3 Nd7 16. h4 Ne7 17. h5 f5 18. h6 g6 19. Bg5 Qe8 20. Rfe1 Qf7 21.
exf5 Nxf5 22. Be3 Rae8 23. Rad1 Nf6 24. g4 Nd4 25. Qd3 Nf3+ 26. Kh1 Nxe1 27. Rxe1 Nxg4 28.
Ne4 Qf3+ 29. Kg1 Qh3 30. Ncxd6 Qh2+ 31. Kf1 cxd6 32. Ke2 Rc8 33. Rf1 Qh5 34. Kd2 Nh2 35.
Rb1 Nf3+ 36. Ke2 Nd4+ 37. Kd2 Rc2+ 38. Qxc2 Qe2+ 0-1

[Event "Late-Titled-Tuesday-Blitz-January-30-2024"]
[Site "Chess.com"]
[Date "2024.01.30"]
[Round "3"]
[White "dennisodessa"]
[Black "ploddingpawn"]
[Result "1-0"]
[WhiteElo "2603"]
[BlackElo "2428"]
[TimeControl "180+1"]
[EndTime "14:26:58 PST"]
[Termination "dennisodessa won by resignation"]

1. d4 d5 2. c4 e6 3. Nc3 Nf6 4. cxd5 exd5 5. Bg5 Nbd7 6. e3 c6 7. Bd3 Be7 8. Nf3 Nh5 9. Bxe7 Qxe7 10. Qc2 Nf4 11. Bf1 O-O 12. O-O-O Ne6 13. Kb1 b5 14.
Rc1 Bb7 15. Bd3 g6 16. g4 a5 17. h4 Nb6 18. h5 Nc4 19. Rh3 Ng5 20. Nxg5 Qxg5 21. Rch1 Kg7 22. e4 Rh8 23. e5 h6 24.
Ne2 Bc8 25. f4 Qxg4 26. Rg3 Qxg3 27. Nxg3 1-0

[Event "Late-Titled-Tuesday-Blitz-January-30-2024"]
[Site "Chess.com"]
[Date "2024.01.30"]
[Round "3"]
[White "Sokoloco"]
[Black "a-z30"]
[Result "1-0"]
[WhiteElo "2754"]
[BlackElo "2516"]
[TimeControl "180+1"]
[EndTime "14:27:05 PST"]
[Termination "Sokoloco won by resignation"]

1. b3 d5 2. Nf3 Nf6 3. e3 e6 4. d4 Be7 5. Ba3 O-O 6. Bxe7 Qxe7 7. Bd3 c5 8. Nbd2 Nc6 9. c3 b6 10. O-O e5 11. Bb5 Bb7 12. Bxc6 Bxc6 13. Nxe5 Bb5 14.
Re1 Rac8 15. Rc1 Rfd8 16. h3 Ne4 17. c4 Nxd2 18. cxb5 Ne4 19. Nc6 Rxc6 20. bxc6 Qd6 21. dxc5 bxc5 22. f3 Ng3 23. Qc2 Qxc6 24. Qxc5 Qg6 25.
Qxd5 Rf8 26. Rc6 1-0

[Event "Late-Titled-Tuesday-Blitz-January-30-2024"]
[Site "Chess.com"]
[Date "2024.01.30"]
[Round "3"]
[White "Adar_07"]
[Black "dropstoneDP"]
[Result "1-0"]
[WhiteElo "2672"]
[BlackElo "3039"]
[TimeControl "180+1"]
[EndTime "14:27:09 PST"]
[Termination "Adar_07 won on time"]

1. d4 d5 2. c4 dxc4 3. Nf3 Nf6 4. e3 e6 5. Bxc4 c5 6. O-O Nc6 7. dxc5 Qxd1 8. Rxd1 Bxc5 9. a3 a6 10. b4 Be7 11.
Bb2 b5 12. Be2 Bb7 13. Nbd2 O-O 14. Rac1 Rfd8 15. Nb3 Rxd1+ 16. Rxd1 Rc8 17. Rc1 Nd7 18. Nfd4 Nxd4 19. Rxc8+ Bxc8 20. Bxd4 Bb7 21. Na5 Ba8 22. Bf3 Bxf3 23. gxf3 e5 24. Nc6 exd4 25. Nxe7+ Kf8 26. Nd5 dxe3 27. fxe3 Ne5 28. Kg2 Nc4 29. Kf2 Nxa3 30. Nc7 Ke7 31. Nxa6 Kd6 32. e4 Nc4 33. Nc5 f5 34.
exf5 Ke5 35. Ne6 1-0

[Event "Late-Titled-Tuesday-Blitz-January-30-2024"]
[Site "Chess.com"]
[Date "2024.01.30"]
[Round "3"]
[White "bn1462"]
[Black "SuanFernandes"]
[Result "0-1"]
[WhiteElo "1951"]
[BlackElo "2316"]
[TimeControl "180+1"]
[EndTime "14:27:09 PST"]
[Termination "SuanFernandes won on time"]

1. d4 d5 2. c4 e6 3. Nf3 Nf6 4.
Nc3 a6 5. c5 b6 6. cxb6 c5 7.
Bf4 Qxb6 8. Na4 Qa7 9. dxc5 Bxc5 10. Nxc5 Qxc5 11. Rc1 Qb4+ 12. Bd2 Qb7 13. Bc3 Nbd7 14. e3 O-O 15. Bd3 Qb6 16. O-O Bb7 17. Ne5 Rfc8 18. Nxd7 Nxd7 19. Qg4 f6 20. Bd4 Qd6 21. Qh3 Nf8 22. Qg3 Qxg3 23. hxg3 Kf7 24. Rfd1 g6 25. Kf1 e5 26. Bb6 Nd7 27. Ba5 Ke6 28. Ke2 Rxc1 29. Rxc1 Rc8 30. Rxc8 Bxc8 31. Kd2 Nb8 0-1

[Event "Late-Titled-Tuesday-Blitz-January-30-2024"]
[Site "Chess.com"]
[Date "2024.01.30"]
[Round "3"]
[White "Beca95"]
[Black "GAO"]
[Result "1-0"]
[WhiteElo "2966"]
[BlackElo "2388"]
[TimeControl "180+1"]
[EndTime "14:27:10 PST"]
[Termination "Beca95 won by checkmate"]

1. e4 c5 2. Nc3 Nc6 3. Bb5 Nd4 4. Nf3 g6 5. Bc4 Bg7 6. Nxd4 cxd4 7. Qf3 Nf6 8. Nb5 O-O 9. Nxd4 Qb6 10. Ne2 d6 11.
Nc3 Bg4 12. Qe3 Rac8 13. Qxb6 axb6 14. d3 Bd7 15. Bd2 b5 16. Bb3 b4 17. Nd1 Be6 18.
Rc1 d5 19. e5 Nd7 20. d4 f6 21.
f4 g5 22. exf6 Bxf6 23. fxg5 Bxd4 24. Bxb4 Bf7 25. Kd2 Rfe8 26. c3 Be5 27. g3 e6 28.
Rf1 Bg6 29. Nf2 Bc7 30. Ng4 Bd8 31. h4 Kg7 32. Ba4 Rc7 33. Bd6 Nc5 34. Be5+ Kg8 35.
Nh6# 1-0